 Dungeon Crawl Stone Soup version 0.30-a0-743-gbfdf073431 (webtiles) character file.

Game seed: 17917244537526140916

2 DEFE the Changer (level 1, 0/15 HPs)
             Began as a Demonspawn Wanderer on Feb 7, 2023.
             Succumbed to a kobold's poison
             ... on level 1 of the Dungeon.
             The game lasted 00:00:07 (146 turns).

DEFE the Changer (Demonspawn Wanderer)               Turns: 146, Time: 00:00:08

Health: 0/15       AC:  3    Str: 10    XL:     1   Next: 33%
Magic:  2/2        EV: 11    Int: 15    God:
Gold:   20         SH:  0    Dex: 12    Spells: 2/2 levels left

rFire   . . .      SeeInvis .    a - +0 sling
rCold   . . .      Faith    .    (no shield)
rNeg    . . .      Spirit   .    d - +0 robe
rPois   .          Reflect  .    (no helmet)
rElec   .          Harm     .    (no cloak)
rCorr   .          Rampage  .    b - +0 pair of gloves
Will    .....                    (no boots)
Stlth   ++                       (no amulet)
HPRegen 0.22/turn                (no ring)
MPRegen 0.08/turn                (no ring)

@: lethally poisoned (0 -> -14)
A: no striking features
a: no special abilities


You were on level 1 of the Dungeon.
You visited 1 branch of the dungeon, and saw 1 of its levels.

You collected 20 gold pieces.

Inventory:

Hand Weapons
 a - a +0 sling (weapon)
Armour
 b - a +0 pair of gloves (worn)
 d - a +0 robe (worn)
Scrolls
 c - 2 scrolls of fog
 e - a scroll of vulnerability {unknown}
Potions
 f - a potion of curing {unknown}


   Skills:
 + Level 1.0 Fighting
 + Level 2.7 Ranged Weapons
 + Level 1.0 Armour
 + Level 1.0 Stealth
 + Level 1.0 Spellcasting
 + Level 2.7 Transmutations


You had 2 spell levels left.
You didn't know any spells.
Your spell library contained the following spells:

 Spells                   Type           Power      Damage    Failure   Level
 Beastly Appendage        Tmut           16%        N/A       9%          1
 Sting                    Tmut/Pois      16%        1d3       14%         1
 Ignite Poison            Fire/Tmut/Pois 3%         N/A       45%         3


Dungeon Overview and Level Annotations

Branches:
Dungeon (1/15)

Altars:


Message History

The sling bullet hits the giant cockroach.
The giant cockroach bites you.
You shoot a sling bullet.
The sling bullet barely misses the giant cockroach.
The sling bullet closely misses the giant cockroach.
The giant cockroach misses you.
A kobold comes into view. It is wielding a +2 dagger of venom.
You shoot a sling bullet.
The sling bullet hits the giant cockroach.
The giant cockroach barely misses you. The kobold hits you but does no damage.
You are poisoned.
You take 1 damage, and have 14/15 hp.
You shoot a sling bullet.
The sling bullet hits the giant cockroach but does no damage.
You feel very sick. The giant cockroach misses you.
The kobold closely misses you. The giant cockroach barely misses you.
You take 3 damage, and have 11/15 hp.
Unknown command.
You shoot a sling bullet.
The sling bullet barely misses the giant cockroach.
You feel sick.
The giant cockroach completely misses you.
The kobold hits you but does no damage.
You are lethally poisoned!
The kobold hits you with a +2 dagger of venom.
The giant cockroach misses you.
You take 2 damage, and have 9/15 hp.
You shoot a sling bullet.
The sling bullet hits the giant cockroach.
You feel very sick.
The giant cockroach bites you but does no damage.
The kobold hits you with a +2 dagger of venom.
* * * LOW HITPOINT WARNING * * *
You are more poisoned.
You take 5 damage, and have 4/15 hp.
MASSIVE DAMAGE!!
You shoot a sling bullet. The sling bullet hits the kobold.
You kill the kobold!
You die...

#.#...##.####
#.....##.# ###..###.#
#......#
#######'#####
#..........#
#..........####
#..........'..#
#..........##@#
#..........##B)B.....
#..........###.......
#..........# .......
#..........# .......
############ .......
....... .......


You could see 2 giant cockroaches.

Vanquished Creatures
  A giant cockroach (D:1)
  A quokka (D:1)
  A kobold (D:1)
3 creatures vanquished.

Notes
Turn   | Place    | Note
-------+----------+-------------------------------------------
     0 | D:1      | DEFE the Demonspawn Wanderer began the quest for the Orb.
     0 | D:1      | DEFE set off with the following items: a +0 sling, a +0
                  | pair of gloves, a scroll of fog, a +0 robe; and the
                  | following spells available to memorise: Beastly Appendage,
                  | Sting, Ignite Poison.
     0 | D:1      | Reached XP level 1. HP: 15/15 MP: 2/2
   146 | D:1      | Succumbed to a kobold's poison

Illustrated notes

Levels and vault maps discovered:
D:1:      evilmike_arrival_grusome_pit, layout_basic

Action                     || total
---------------------------++-------
   Fire: Sling             ||    20
 Armour: Robe              ||     3
  Dodge: Dodged            ||    12

Table legend: (Time is in decaauts)
 A = Elapsed time spent in this place.
 B = Non-inter-level travel time spent in this place.
 C = Inter-level travel time spent in this place.
 D = Time resting spent in this place.
 E = Time spent auto-exploring this place.
 F = Levels seen in this place.
 G = Mean time per level.
                   A        B        C        D        E       F      G
               +--------+--------+--------+--------+--------+-----+--------+
         Total |    151 |    151 |      0 |      0 |    121 |   1 |  151.0 |
       Dungeon |    151 |    151 |      0 |      0 |    121 |   1 |  151.0 |
               +--------+--------+--------+--------+--------+-----+--------+

Top non-repeatable levels by time:
     D:1: 151 daAuts
